 Dungeon Crawl Stone Soup version 0.14-a0-1707-g75daffb (webtiles) character file.

311 Piginabag the Ducker (level 5, -1/61 HPs)
             Began as a Demonspawn Monk on Jan 1, 2014.
             Succumbed to an orc wizard's poison
             ... on Level 4 of the Dungeon.
             The game lasted 00:10:42 (4273 turns).

Piginabag the Ducker (Demonspawn Monk)              Turns: 4273, Time: 00:10:42

HP  -1/61        AC 22     Str 12      XL: 5   Next: 30%
MP   5/5         EV  1     Int 12      God:
Gold 135         SH  0     Dex 15      Spells:  0 memorised,  4 levels left

rFire  . . .     SeeInvis .     p - +0 orc morningstar
rCold  . . .     Clarity  .     f - melded +0 ring mail
rNeg   + + +     Conserve .     (no shield)
rPois  +         rCorr    .     (helmet restricted)
rElec  .         rRot     .     (cloak currently unavailable)
SustAb . .       Spirit   +     l - melded +1 pair of gloves
rMut   .         Warding  .     s - melded +1 pair of dwarf boots
Saprov . . .     NoTele   +     (no amulet)
                                (no ring)
                                (no ring)

@: tree-form, very poisoned, very slightly contaminated, hasted, very quick,
slightly resistant to hostile enchantments, stealthy
A: (horns 0), (molten scales 0), magic shield
a: no special abilities


You were on level 4 of the Dungeon.
You were not hungry.
You were an animated tree.
You visited 1 branch of the dungeon, and saw 4 of its levels.

You collected 135 gold pieces.

Inventory:

Hand weapons
 g - a +0,+0 orcish club
 p - a +0,+0 orcish morningstar (weapon)
Armour
 f - a +0 ring mail (melded)
 l - a +1 pair of gloves (melded)
 s - a +1 pair of dwarven boots (melded)
Comestibles
 n - a meat ration
Scrolls
 d - 2 scrolls of teleportation {unknown}
 e - 4 scrolls of identify {unknown}
 h - a scroll of curse weapon {unknown}
 j - a scroll of enchant weapon II {unknown}
 k - a scroll of enchant weapon I {unknown}
 m - 3 scrolls of remove curse {unknown}
 q - a scroll of fear {unknown}
Jewellery
 i - an uncursed ring of poison resistance {unknown}
 o - an uncursed ring of protection from fire {unknown}
Potions
 c - a potion of speed
 t - a potion of resistance {unknown}


   Skills:
 + Level 3.2 Fighting
 + Level 0.8 Maces & Flails
 + Level 2.2 Armour
 + Level 4.1 Dodging
 + Level 1.8 Stealth
 + Level 4.0 Unarmed Combat


You had 4 spell levels left.
You didn't know any spells.

Dungeon Overview and Level Annotations

Branches:
Dungeon (4/16)
 Temple: D:4-7

Altars:
Nemelex Xobeh


Innate Abilities, Weirdness & Mutations

((You have a pair of small horns on your head.))*
((You are partially covered in molten scales (AC +1).))*
When hurt, damage is shared between your health and your magic reserves.


Message History

You start resting.
* * * LOW HITPOINT WARNING * * *
You feel sick.
You start resting.
* * * LOW HITPOINT WARNING * * *
You feel sick.
You start resting.
* * * LOW HITPOINT WARNING * * *
You feel sick.
You start resting.
* * * LOW HITPOINT WARNING * * *
You feel very sick.
You start resting.
* * * LOW HITPOINT WARNING * * *
You feel very sick.
You start resting.
* * * LOW HITPOINT WARNING * * *
You feel sick.
You start resting.
You die...

##)######.....##.......
#..## #####.o'....... ##..#
####....... ##.## +####
#..## ### ##..# ..#
####'#### . ..#
#.......#### ...
..#####..)(...'.♣####......
..'.%##.......##.%..'......
..##(.'[......#######......
..#####.......# #+### ..#
##'###### #. ### ###.# #.#
# #...# ..## # #.### ..#
### ##.######## #.#


There were no monsters in sight!

Vanquished Creatures
  An orc wizard (D:4)
  A worker ant (D:4)
  A gnoll (D:1)
  4 adders
  A giant eyeball (D:4)
  5 giant geckos
  6 orcs (D:4)
  A ball python (D:3)
  3 giant cockroaches
  7 hobgoblins
  4 jackals (D:1)
  9 kobolds
  14 bats
  4 giant newts
  9 goblins
  3 rats
73 creatures vanquished.

Vanquished Creatures (others)
  A giant newt (D:1)
  A kobold (D:1)
2 creatures vanquished.

Grand Total: 75 creatures vanquished

Notes
Turn   | Place    | Note
--------------------------------------------------------------
     0 | D:1      | Piginabag, the Demonspawn Monk, began the quest for the Orb.
     0 | D:1      | Reached XP level 1. HP: 18/18 MP: 1/1
   201 | D:1      | Gained mutation: You are partially covered in molten scales (AC +1). [demonic ancestry]
   201 | D:1      | Reached XP level 2. HP: 21/24 MP: 2/2
   321 | D:1      | Reached skill level 4 in Unarmed Combat
   632 | D:1      | Gained mutation: You have a pair of small horns on your head. [demonic ancestry]
   632 | D:1      | Reached XP level 3. HP: 29/29 MP: 3/3
  1655 | D:2      | Reached skill level 1 in Armour
  2095 | D:3      | Reached XP level 4. HP: 35/35 MP: 4/4
  2171 | D:3      | Found a sparkling altar of Nemelex Xobeh.
  3531 | D:4      | Paralysed by a giant eyeball for 2 turns
  3598 | D:4      | Gained mutation: When hurt, damage is shared between your health and your magic reserves. [demonic ancestry]
  3598 | D:4      | Reached XP level 5. HP: 21/41 MP: 5/5
  4271 | D:4      | HP: 3/61 [poisoned by an orc wizard]
  4273 | D:4      | Succumbed to an orc wizard's poison

Action                   |  1- 3 |  4- 6 || total
-------------------------+-------+-------++-------
Melee: Unarmed           |    49 |       ||    49
       Club              |   125 |   110 ||   235
       Morningstar       |       |    53 ||    53
  Use: Potion            |       |     5 ||     5
